[Event "Late-Titled-Tuesday-Blitz-March-19-2024"]
[Site "Chess.com"]
[Date "2024.03.19"]
[Round "2"]
[White "Morscas"]
[Black "Franmu14"]
[Result "0-1"]
[WhiteElo "2330"]
[BlackElo "2723"]
[TimeControl "180+1"]
[EndTime "14:18:24 PDT"]
[Termination "Franmu14 won by checkmate"]

1. e4 e5 2. Nf3 Nc6 3. Bc4 Bc5 4.
c3 Nf6 5. d4 exd4 6. cxd4 Bb4+ 7.
Nc3 d5 8. exd5 Nxd5 9. O-O Bxc3 10. bxc3 O-O 11. Ba3 Re8 12. Qc2 Nf6 13. Ng5 Be6 14.
Nxe6 fxe6 15. Rfe1 Qd7 16. Qf5 Kf7 17. d5 exd5 18. Qxd7+ Nxd7 19. Bxd5+ Kf6 20. Rab1 Nb6 21. Bf3 Rad8 22. Bc1 Ne5 23. Be3 Nxf3+ 24. gxf3 Kf7 25. Bxb6 axb6 26. Rxe8 Rxe8 27. Kf1 Ra8 28. Rb2 Ra4 29. Kg2 Rc4 30. Rd2 Rxc3 31. Rd7+ Kf6 32. Kg3 b5 33. h4 b4 34. Kg4 b5 35. f4 Rc2 36. h5 h6 37. f3 c5 38. Rc7 c4 39. Rc6+ Ke7 40. Kf5 Rxa2 41. Rc7+ Kd6 42. Rxg7 Rh2 43. Rg6+ Kd5 44. Rxh6 b3 45. Rh8 b2 46.
Rd8+ Kc5 47. Rd1 c3 48. Kg6 c2 49. Re1 b1=Q 50. Re5+ Kb6 51. h6 c1=Q+ 52. f5 Qxh6+ 53. Kf7 Qb3+ 54. Re6+ Kc5 55. f6 Re2 56. f4 Qxe6# 0-1

[Event "Late-Titled-Tuesday-Blitz-March-19-2024"]
[Site "Chess.com"]
[Date "2024.03.19"]
[Round "2"]
[White "norwaytoadog"]
[Black "betta2004"]
[Result "1-0"]
[WhiteElo "2346"]
[BlackElo "2545"]
[TimeControl "180+1"]
[EndTime "14:18:24 PDT"]
[Termination "norwaytoadog won by checkmate"]

1. e4 e5 2. Nf3 Nf6 3. Nxe5 Nc6 4. Nxc6 dxc6 5. d3 Bc5 6. Be2 h5 7. c3 Ng4 8. d4 Qh4 9. g3 Qf6 10. f3 h4 11. Bf4 hxg3 12. Bxg3 Ne3 13. Qd2 Ng2+ 14.
Kf2 Nh4 15. dxc5 Bg4 16. Qf4 Qe7 17. Qe5 Be6 18. b4 O-O-O 19. Na3 Rd2 20. Rhd1 Ng6 21. Qxg7 Rhd8 22. Qh6 Rxa2 23. Rxa2 Bxa2 24. Rxd8+ Qxd8 25. Qe3 Be6 26. Nc4 Qf6 27. Qd4 Qg5 28. Ne5 Nf4 29. Ng4 Ng6 30. h4 Qh5 31. Qf6 a5 32. Ne5 axb4 33.
cxb4 b6 34. Nxg6 bxc5 35. Ne7+ Kb7 36. bxc5 Qxc5+ 37. Kg2 Qc1 38. Nf5 Qd2 39. Kf2 Bc4 40. Nd4 c5 41. Qc6+ Kc8 42. Qxc7# 1-0

[Event "Late-Titled-Tuesday-Blitz-March-19-2024"]
[Site "Chess.com"]
[Date "2024.03.19"]
[Round "2"]
[White "GodzillaChessYoutube"]
[Black "mishanick"]
[Result "1-0"]
[WhiteElo "2699"]
[BlackElo "3114"]
[TimeControl "180+1"]
[EndTime "14:18:27 PDT"]
[Termination "GodzillaChessYoutube won by resignation"]

1. d4 Nf6 2. Bf4 d5 3. e3 c5 4. Nc3 a6 5. dxc5 e6 6. Bd6 Bxd6 7. cxd6 Qxd6 8. Nf3 Nc6 9. a3 O-O 10. Be2 e5 11.
O-O Bg4 12. Nd2 Bxe2 13. Nxe2 Rad8 14. Ng3 Rfe8 15. Re1 g6 16. Qb1 h5 17. h3 h4 18.
Ngf1 e4 19. Nb3 Re5 20. Qd1 Rg5 21. Kh1 Ne5 22. Nd4 Kg7 23. b3 Rh8 24. Nh2 Qc7 25. a4 Rc8 26. Qe2 Qc3 27. Red1 Rh5 28. Qd2 Rhh8 29. Qxc3 Rxc3 30. Rd2 Rhc8 31. Ra2 Nc6 32. Nxc6 bxc6 33. Kg1 c5 34. Kf1 c4 35. bxc4 R8xc4 36. Ke2 Rb4 37. Rd1 Rcc4 38. Rda1 Nd7 39. Nf1 Nb6 40.
Nd2 Rc3 41. a5 Nd7 42. Nb3 f5 43. Nd4 Kf6 44. Ra3 Rcc4 45. Rb3 Nc5 46. Rxb4 Rxb4 47. Ra3 Ke5 48. Nc6+ Kd6 49. Nxb4 g5 50. Rc3 f4 51.
Rxc5 Kxc5 52. Nxa6+ Kc4 53. Nc7 g4 54. a6 f3+ 55.
Kf1 d4 56. a7 d3 57. cxd3+ exd3 58. a8=Q d2 59. Qd5+ Kc3 60. hxg4 h3 61. gxh3 Kc2 62. Qxf3 Kc1 63. e4 1-0

[Event "Late-Titled-Tuesday-Blitz-March-19-2024"]
[Site "Chess.com"]
[Date "2024.03.19"]
[Round "2"]
[White "marcodobrikov"]
[Black "AndreyNeves"]
[Result "1-0"]
[WhiteElo "2702"]
[BlackElo "2119"]
[TimeControl "180+1"]
[EndTime "14:18:27 PDT"]
[Termination "marcodobrikov won on time"]

1. e4 c6 2. d4 d5 3. exd5 cxd5 4. Bd3 Nc6 5. c3 Nf6 6. Bf4 Bg4 7. f3 Bh5 8. Ne2 e6 9. Nd2 Bd6 10. Qb3 O-O 11.
Qxb7 Rc8 12. Bxd6 Qxd6 13. Qb3 e5 14. O-O e4 15. Bb1 e3 16. Qc2 exd2 17. Qxd2 Bg6 18.
Bxg6 hxg6 19. Nf4 Rfe8 20. Nd3 Re7 21. b4 Rce8 22. Rfe1 Rxe1+ 23. Rxe1 Rxe1+ 24. Qxe1 Qe6 25. Qd2 Qf5 26. a4 a6 27. h3 Qd7 28. Nc5 Qa7 29. Qe2 g5 30. Qxa6 Qc7 31. Qe2 Qf4 32.
Qe1 Nh5 33. b5 Na5 34. b6 Qb8 35. Qb1 Nf4 36. Qb5 Nc4 37. b7 Ne2+ 38. Kf1 Ng3+ 39. Ke1 Kh7 40. Qb1+ g6 41. Kf2 Nf5 42. Kg1 Qg3 43.
b8=Q Nce3 44. Qxg3 Nxg3 45. a5 Ne2+ 46. Kf2 Nxc3 47. Qd3 Ned1+ 48. Ke1 1-0

[Event "Late-Titled-Tuesday-Blitz-March-19-2024"]
[Site "Chess.com"]
[Date "2024.03.19"]
[Round "2"]
[White "Licancabur"]
[Black "Navyblue1"]
[Result "1-0"]
[WhiteElo "2498"]
[BlackElo "2209"]
[TimeControl "180+1"]
[EndTime "14:18:27 PDT"]
[Termination "Licancabur won by checkmate"]

1. d4 Nf6 2. Bg5 Ne4 3. Bf4 c5 4. f3 Qa5+ 5. c3 Nf6 6. d5 g6 7.
e4 Bg7 8. Na3 O-O 9. Nc4 Qd8 10.
a4 d6 11. Bd3 b6 12. Ne2 Nfd7 13. Qd2 Ne5 14. Nxe5 dxe5 15. Bh6 Ba6 16. c4 Nd7 17. h4 e6 18. h5 exd5 19. hxg6 Qf6 20. gxh7+ Kh8 21.
exd5 e4 22. Bxg7+ Qxg7 23. Bxe4 Bxc4 24. Qc3 Qxc3+ 25. Nxc3 Rae8 26. Kf2 f5 27. Bc2 Nf6 28. Rad1 a6 29. Bxf5 b5 30. axb5 axb5 31. d6 b4 32. d7 Rd8 33. Ne4 Nxe4+ 34. Bxe4 Be6 35. Rh6 Rxd7 36.
Rxd7 Bxd7 37. Rd6 Ba4 38. Ra6 Bb3 39. Rb6 Bf7 40. Ke3 b3 41. g4 Kg7 42. g5 Re8 43.
Kf4 c4 44. Rc6 Rd8 45. Rc7 c3 46. bxc3 b2 47. g6 Rb8 48. Rxf7+ Kh8 49. g7# 1-0

[Event "Late-Titled-Tuesday-Blitz-March-19-2024"]
[Site "Chess.com"]
[Date "2024.03.19"]
[Round "2"]
[White "Jagerrmeisterr"]
[Black "Willhaven3"]
[Result "1-0"]
[WhiteElo "2759"]
[BlackElo "2502"]
[TimeControl "180+1"]
[EndTime "14:18:28 PDT"]
[Termination "Jagerrmeisterr won on time"]

1. e4 Nf6 2. e5 Nd5 3. c4 Nb6 4.
c5 Nd5 5. Bc4 e6 6. d4 b6 7.
cxb6 axb6 8. Ne2 Ba6 9. Bb3 Be7 10. Nbc3 c6 11. O-O O-O 12. Re1 Bxe2 13. Qxe2 Na6 14. Ne4 Nac7 15. Bd2 f5 16. Nd6 Bxd6 17. exd6 Nb5 18.
Qe5 Qb8 19. a4 Nxd6 20. Bxd5 cxd5 21. Bf4 Nc4 22. Qxb8 Rfxb8 23. Bxb8 Rxb8 24. b3 Na5 25. b4 Nc6 26. a5 Nxb4 27. Reb1 bxa5 28. Rxa5 Rc8 29.
Ra7 Rc4 30. Rb7 Nc6 31. Rxd7 Rxd4 32. g3 h6 33. Rbb7 Rg4 34. Rd6 Nd4 35. h3 Rg6 36. Kg2 Kh7 37. Rd8 Rf6 38. f4 Kg6 39. Rdd7 Kh5 40.
Rxg7 Rg6 41. Kf2 Nc6 42. Rbc7 1-0

[Event "Late-Titled-Tuesday-Blitz-March-19-2024"]
[Site "Chess.com"]
[Date "2024.03.19"]
[Round "2"]
[White "jefferyx"]
[Black "TregubovP"]
[Result "1-0"]
[WhiteElo "3097"]
[BlackElo "2661"]
[TimeControl "180+1"]
[EndTime "14:18:29 PDT"]
[Termination "jefferyx won by resignation"]

1. d4 Nf6 2. c4 c5 3. d5 b5 4. cxb5 a6 5. f3 e6 6. dxe6 fxe6 7. e4 d5 8. Nh3 Be7 9. Nf4 O-O 10. Nc3 d4 11. Na4 e5 12. Qb3+ Kh8 13. Nd5 Be6 14. Nab6 Ra7 15. bxa6 Nxa6 16. Bc4 Nxd5 17. Nxd5 Bxd5 18.
Bxd5 Nb4 19. O-O Nxd5 20. exd5 Qd6 21. Qc4 Rb8 22. b3 Rb4 23. Qd3 Qxd5 24. Bd2 Rb8 25. Rfb1 h6 26. Be1 Rc8 27. a4 c4 28. bxc4 Qxc4 29. Qxc4 Rxc4 30. a5 d3 31. Rd1 Bc5+ 32.
Kf1 Rd7 33. Bf2 Bxf2 34. Kxf2 Rc2+ 35. Kg3 d2 36. a6 Ra7 37. Ra5 Kh7 38. Kf2 Rc6 39.
Rxd2 Rcxa6 40. Rxe5 Ra2 41. Ree2 Rxd2 42. Rxd2 Rb7 43.
h4 h5 44. Rd5 g6 45. Kg3 Kh6 46. Rd4 Ra7 47. Rb4 Ra6 48. Kf4 Ra2 49. g3 Ra6 50. Ke3 Re6+ 51. Re4 Ra6 52. g4 hxg4 53. fxg4 Rf6 54.
g5+ 1-0

[Event "Late-Titled-Tuesday-Blitz-March-19-2024"]
[Site "Chess.com"]
[Date "2024.03.19"]
[Round "2"]
[White "PolandHussars"]
[Black "Chessbard1972"]
[Result "1-0"]
[WhiteElo "2551"]
[BlackElo "2321"]
[TimeControl "180+1"]
[EndTime "14:18:30 PDT"]
[Termination "PolandHussars won by resignation"]

1. e4 c5 2. Ne2 Nc6 3. g3 g6 4. Bg2 Bg7 5. c3 e5 6. d3 Nge7 7. Be3 b6 8. d4 c4 9. Na3 Ba6 10. Qa4 Na5 11. dxe5 Bxe5 12. f4 Bg7 13. Rd1 Rb8 14.
O-O b5 15. Qb4 Nec6 16. Qd6 Nb7 17. Qd5 Ne7 18. Qd2 Ra8 19. e5 Nf5 20. Bf2 Rc8 21.
Bxa7 Nc5 22. g4 Nh4 23. Bxc5 Rxc5 24. Qd6 Rc6 25. Bxc6 Qb6+ 26. Rd4 Qxc6 27. Qxc6 dxc6 28. Kf2 g5 29. Rfd1 O-O 30. Rd8 Ng6 31. Rxf8+ Bxf8 32. Rd8 Kg7 33. Ra8 Bc5+ 34. Kg3 b4 35. Rxa6 bxa3 36. bxa3 gxf4+ 37. Nxf4 Nxe5 38. Nh5+ Kg6 39. a4 f5 40. Nf4+ Kf6 41. g5+ Ke7 42. a5 Nd3 43. Nxd3 cxd3 44. Kf3 f4 45. Rxc6 Be3 46. Rb6 Bxb6 47. axb6 Kd6 48.
a4 Kc6 49. a5 Kb7 50. h4 Ka6 51. h5 d2 52. Ke2 1-0

[Event "Late-Titled-Tuesday-Blitz-March-19-2024"]
[Site "Chess.com"]
[Date "2024.03.19"]
[Round "2"]
[White "koncheto"]
[Black "MightyMike_009"]
[Result "0-1"]
[WhiteElo "2553"]
[BlackElo "2768"]
[TimeControl "180+1"]
[EndTime "14:18:31 PDT"]
[Termination "MightyMike_009 won on time"]

1. e4 e5 2. Nf3 Nc6 3. Bc4 Bc5 4. c3 Nf6 5. d3 a6 6. Bb3 Ba7 7. O-O d6 8. Nbd2 h6 9. Re1 O-O 10. h3 Nh5 11. Nf1 Qf6 12. Ne3 Nf4 13. Nd5 Nxd5 14.
exd5 Ne7 15. Be3 Ng6 16. Bxa7 Rxa7 17. d4 Bf5 18. dxe5 dxe5 19. Nxe5 Nxe5 20. Qd4 Nf3+ 21.
gxf3 Qg5+ 22. Kh2 c5 23. dxc6 Rd8 24. Qxa7 Qf4+ 25. Kg2 Rd6 26. Qe3 Qh4 27. Kf1 Bd3+ 28. Qxd3 Rxd3 29. c7 Qxh3+ 30. Ke2 Qxf3+ 31. Kf1 Qh3+ 32. Ke2 Rd6 33. Rad1 Qg4+ 34. Kf1 Qh3+ 35. Ke2 Rc6 36. Rd8+ Kh7 37. Bc2+ g6 38. Red1 Rxc7 39. R1d6 Qg4+ 40. Kd2 Re7 41. c4 Qxc4 42. Bd3 Qf4+ 43.
Kc2 Rc7+ 44. Kb3 b5 45. a3 Qxf2 46. Rd4 Qf6 47. R8d6 Qe7 48. Rxa6 Rd7 49. Rxd7 Qxd7 0-1

[Event "Late-Titled-Tuesday-Blitz-March-19-2024"]
[Site "Chess.com"]
[Date "2024.03.19"]
[Round "2"]
[White "DeTimmerman"]
[Black "Ticoluis"]
[Result "1/2-1/2"]
[WhiteElo "2754"]
[BlackElo "2520"]
[TimeControl "180+1"]
[EndTime "14:18:31 PDT"]
[Termination "Game drawn by repetition"]

1. b4 Nf6 2. Bb2 d6 3. c4 e5 4.
a4 a5 5. b5 Nbd7 6. e3 g6 7. Nf3 Bg7 8. Be2 O-O 9. O-O Re8 10.
d4 e4 11. Nfd2 h5 12. Nc3 Nf8 13. Re1 Bf5 14. f3 exf3 15. Bxf3 Qc8 16. Nf1 N8h7 17. e4 Bg4 18. h3 Bxf3 19. Qxf3 Ng5 20. Qd3 c6 21. Rad1 Ne6 22. Ne2 d5 23. e5 Ne4 24.
Nfg3 Nxg3 25. Nxg3 dxc4 26. Qxc4 cxb5 27. Qxb5 Nf4 28.
Qf1 Nd5 29. Ne4 Qe6 30. Bc1 f5 31. exf6 Nxf6 32. Nxf6+ Qxf6 33. Qc4+ Kh7 34. Rf1 Qc6 35. Qxc6 bxc6 36. Rf7 Kg8 37. Rc7 Rad8 38. Rxc6 Bxd4+ 39. Kh1 Be5 40. Rf1 Kg7 41. Bg5 Rd7 42. Rc5 Bg3 43. Rxa5 h4 44. Rb5 Rf7 45. Rbb1 Rxf1+ 46. Rxf1 Ra8 47. Ra1 Ra5 48. Bd2 Ra6 49. Bc3+ Kf7 50.
a5 Ke6 51. Rb1 Kd5 52. Kg1 Kc4 53. Bd2 Kd3 54. Bb4 Kc2 55. Rf1 Kb3 56. Bd2 Kc2 57. Bb4 Kb3 58. Be1 Bxe1 59. Rxe1 Rxa5 60. Re4 g5 61.
Kh2 Kc3 62. Kg1 Kd3 63. Rb4 Ke3 64. Rb3+ Kf4 65. Rb4+ Ke3 66. Rb3+ Kf4 67. Rb4+ Ke3 1/2-1/2

[Event "Late-Titled-Tuesday-Blitz-March-19-2024"]
[Site "Chess.com"]
[Date "2024.03.19"]
[Round "2"]
[White "Sandstad"]
[Black "Fonsofan"]
[Result "1-0"]
[WhiteElo "2505"]
[BlackElo "2725"]
[TimeControl "180+1"]
[EndTime "14:18:31 PDT"]
[Termination "Sandstad won on time"]

1. d4 d6 2. c4 e5 3. d5 Be7 4. Nc3 a5 5. g3 Na6 6. Bg2 f5 7. e4 Nf6 8. Nge2 fxe4 9. Nxe4 Nxe4 10. Bxe4 Bh3 11. Nf4 exf4 12. Qh5+ Kf8 13. Qxh3 Nc5 14. Bc2 Bg5 15. O-O Qf6 16. Rb1 f3 17. Qf5 Qxf5 18.
Bxf5 Bxc1 19. Rfxc1 Re8 20. Rc3 Re2 21. Rxf3 Ke7 22.
Re3+ Rxe3 23. fxe3 g6 24. Bc2 Rf8 25. Rf1 Rxf1+ 26.
Kxf1 Kf6 27. Kf2 Nd7 28. Bd3 Ke5 29. Kf3 Nf6 30. h3 g5 31. Bc2 h6 32. Bd3 Nd7 33.
h4 Kf6 34. Be2 Ne5+ 35. Ke4 gxh4 36. gxh4 Ng6 37. h5 Ne5 38. Kf4 Nd7 39. b3 Nc5 40.
Bf1 a4 41. b4 Na6 42. a3 Nxb4 43. Ke4 Na6 44. Be2 Nc5+ 45. Kf4 Nd7 46. Bd1 Ne5 47.
Be2 c5 48. dxc6 bxc6 49. Ke4 Ke6 50. Kd4 1-0

[Event "Late-Titled-Tuesday-Blitz-March-19-2024"]
[Site "Chess.com"]
[Date "2024.03.19"]
[Round "2"]
[White "DeArron_Fox"]
[Black "javierfreilemartin"]
[Result "0-1"]
[WhiteElo "2511"]
[BlackElo "2316"]
[TimeControl "180+1"]
[EndTime "14:18:31 PDT"]
[Termination "javierfreilemartin won on time"]

1. d4 Nf6 2. c4 g6 3. Nc3 Bg7 4. e4 d6 5. f3 O-O 6. Be3 c6 7. Nge2 a6 8. a4 a5 9. Qd2 Re8 10. O-O-O Na6 11. h4 h5 12. Bh6 Bh8 13. Nf4 Qb6 14.
g4 e5 15. gxh5 exf4 16. hxg6 fxg6 17. Rg1 Kh7 18. Bxf4 Nh5 19. Bxd6 Qd8 20. c5 Qxh4 21. Bd3 Nb4 22. Rh1 Qf6 23. e5 Nxd3+ 24. Qxd3 Qf5 25.
Qe3 Be6 26. Ne4 Bd5 27. Rdg1 Bxe4 28. fxe4 Qf7 29. Qg5 Bg7 30. d5 Kg8 31. Qxg6 Qxg6 32. Rxg6 Kf7 33. Rhg1 Bxe5 34. Bxe5 Rxe5 35. dxc6 bxc6 36.
Rxc6 Nf4 37. Rf1 Rxe4 38. Rh6 Kg7 39. Rh2 Rc8 40. Kb1 Rxc5 41. Rg1+ Kf6 42. Rh6+ Ke5 43. Rg5+ Kd4 44. Rxc5 Kxc5 45. b3 Kb4 46. Kc2 Re2+ 47. Kd1 Rf2 48. Rb6+ Kc3 49. Rb5 Nd3 0-1

[Event "Late-Titled-Tuesday-Blitz-March-19-2024"]
[Site "Chess.com"]
[Date "2024.03.19"]
[Round "2"]
[White "Bryanl106"]
[Black "DanielNaroditsky"]
[Result "0-1"]
[WhiteElo "2686"]
[BlackElo "3166"]
[TimeControl "180+1"]
[EndTime "14:18:32 PDT"]
[Termination "DanielNaroditsky won by resignation"]

1. e4 Nf6 2. e5 Nd5 3. d4 d6 4. c4 Nb6 5. exd6 exd6 6. Nc3 Be7 7. Be3 O-O 8. Bd3 c6 9. Nge2 Na6 10. a3 Nc7 11. O-O d5 12. c5 Nd7 13. b4 Bf6 14. Qc2 g6 15. Rad1 Ne6 16. Rfe1 Re8 17. Qc1 Ndf8 18. Bc2 Ng7 19. Ng3 h5 20. Bh6 h4 21.
Nge2 h3 22. Qd2 hxg2 23. Ng3 Rxe1+ 24. Rxe1 Bh3 25. Nce2 Nfe6 26. Nf4 Nxd4 27. Bd1 Qd7 28. Nxh3 Qxh3 29. Bg5 Bxg5 30. Qxg5 Nge6 31. Qf6 Qh8 32. Qe7 Rb8 33. h4 Qg7 34. h5 Rf8 35. hxg6 Qxg6 36. Qh4 Ng5 37. Kxg2 Nde6 38. Rh1 f5 39. Bh5 Qg7 40. Kf1 f4 41. Ne2 f3 42. Nc1 Qc3 43.
Bxf3 Qxf3 44. Qh8+ Kf7 45. Qh5+ Qxh5 46. Rxh5 Ne4 47. Nd3 Ng3+ 48. fxg3 Kg6+ 49. Nf4+ Rxf4+ 50. gxf4 Kxh5 51. f5 Nd4 52. f6 Kg6 53. f7 Kxf7 0-1

[Event "Late-Titled-Tuesday-Blitz-March-19-2024"]
[Site "Chess.com"]
[Date "2024.03.19"]
[Round "2"]
[White "moro182"]
[Black "BabageldiAnnaberdiyev"]
[Result "1-0"]
[WhiteElo "2912"]
[BlackElo "2624"]
[TimeControl "180+1"]
[EndTime "14:18:32 PDT"]
[Termination "moro182 won on time"]

1. d4 e6 2. Bf4 d5 3. e3 Bd6 4. Nf3 f5 5. c4 c6 6. Nbd2 Nf6 7. Bxd6 Qxd6 8. c5 Qe7 9. Ne5 Nbd7 10. f4 O-O 11. Be2 Nxe5 12. fxe5 Ne4 13. O-O Qg5 14. Rf4 Bd7 15. Bd3 Qh6 16. Bxe4 fxe4 17. Rxf8+ Rxf8 18. Qe2 Be8 19. Rf1 Bh5 20. Rxf8+ Kxf8 21. Qf2+ Ke7 22. Nb3 b6 23. a4 Bd1 24. cxb6 axb6 25. a5 bxa5 26.
Nxa5 Ba4 27. Nb7 Qh5 28. h3 Bb5 29. Nd6 Bd3 30. Kh2 h6 31. Qe1 Kf8 32. Qf2+ Kg8 33.
g4 Qg6 34. Nc8 Qe8 35. Nd6 Qg6 36. Qf4 Be2 37. Kg3 Bf3 38. h4 h5 39. g5 Bg4 40. Qf1 Bf5 41. Qa6 Kh7 42. Qxc6 Bg4 43.
b4 Be2 44. Qd7 Bd3 45. b5 Bxb5 46. Qxb5 1-0

[Event "Late-Titled-Tuesday-Blitz-March-19-2024"]
[Site "Chess.com"]
[Date "2024.03.19"]
[Round "2"]
[White "HandKnit"]
[Black "Blitzstream"]
[Result "0-1"]
[WhiteElo "2473"]
[BlackElo "2843"]
[TimeControl "180+1"]
[EndTime "14:18:32 PDT"]
[Termination "Blitzstream won by resignation"]

1. c4 c6 2. Nf3 d5 3. e3 Nf6 4.
Nc3 Bf5 5. cxd5 Nxd5 6. Qb3 Qb6 7.
Qxb6 axb6 8. Nxd5 cxd5 9. Nd4 Bd7 10. Nb5 Na6 11. Be2 e5 12. d4 e4 13. Bd2 Be7 14. O-O Be6 15. Rfc1 Kd7 16. a3 Rhc8 17. Kf1 Rc6 18. Ke1 Rac8 19. Kd1 Rxc1+ 20. Rxc1 Rxc1+ 21. Kxc1 f5 22. g3 g5 23. b4 Nb8 24. Kc2 Nc6 25. Kb3 Bd6 26. Nxd6 Kxd6 27. a4 Ne7 28. a5 bxa5 29. bxa5 Ng6 30. Bb4+ Kc7 31. Ka4 Bd7+ 32. Bb5 Bc6 33. Bc5 f4 34. Kb4 f3 35.
Bb6+ Kd6 36. Bc5+ Kd7 37. h3 h5 38. Bf1 Nh8 39. Bf8 Nf7 40. Kc5 Nd8 41. Kb6 Ne6 42. Bh6 Kc8 43. a6 Kb8 44. a7+ Ka8 45. h4 g4 46. Bg5 Ba4 47. Be7 Bd1 48. Bb5 Be2 49.
Bd7 Nxd4 50. Bc8 Ba6 51. exd4 e3 52. fxe3 f2 53. e4 f1=Q 54. exd5 Qb5+ 55. Kc7 Qxd5 56. Bc5 Qc6+ 57. Kd8 Bc4 58. Bd7 Qf3 59. Bc8 Qxg3 0-1

[Event "Late-Titled-Tuesday-Blitz-March-19-2024"]
[Site "Chess.com"]
[Date "2024.03.19"]
[Round "2"]
[White "SchmakAttack"]
[Black "Crazy_girl99"]
[Result "1-0"]
[WhiteElo "2832"]
[BlackElo "2595"]
[TimeControl "180+1"]
[EndTime "14:18:33 PDT"]
[Termination "SchmakAttack won by checkmate"]

1. Nf3 d5 2. b3 Nf6 3. Bb2 g6 4. g3 Bg7 5. Bg2 O-O 6. O-O c5 7. d3 Nc6 8. Ne5 Qc7 9. Nxc6 Qxc6 10. Nd2 Re8 11. c4 e5 12. cxd5 Nxd5 13. Rc1 Be6 14. Ne4 b6 15. b4 Qb5 16. Nd6 Qxb4 17. Nxe8 Rxe8 18. Ba1 Qa5 19. Qc2 Nb4 20. Qd2 Qxa2 21. Bc3 Qxd2 22. Bxd2 a5 23. Rb1 Rd8 24. Rfc1 Bg4 25.
Kf1 Bf8 26. h4 Be6 27. Bg5 Rd7 28. Bf6 Bg7 29. Bxg7 Kxg7 30. Ke1 f5 31. Rc3 Kf6 32. Kd2 h6 33. f4 e4 34. Ra3 g5 35. hxg5+ hxg5 36. Rh1 gxf4 37. gxf4 Rg7 38. Rh6+ Ke7 39. Bh3 Rg3 40. Ra1 exd3 41. exd3 Rxd3+ 42. Ke2 Rd4 43. Rg1 Nd5 44. Rg7+ Kd6 45. Bxf5 Nxf4+ 46. Ke3 Ke5 47. Bxe6 Nxe6 48. Re7 Rd6 49. Rh5+ Kf6 50. Rb7 c4 51. Rb5 Rd3+ 52. Kf2 c3 53. R7xb6 Ke7 54. Rxa5 Nd4 55. Ra7+ Kd8 56. Rb8# 1-0

[Event "Late-Titled-Tuesday-Blitz-March-19-2024"]
[Site "Chess.com"]
[Date "2024.03.19"]
[Round "2"]
[White "Truequitos"]
[Black "ChempionBg"]
[Result "0-1"]
[WhiteElo "2545"]
[BlackElo "2346"]
[TimeControl "180+1"]
[EndTime "14:18:33 PDT"]
[Termination "ChempionBg won on time"]

1. Nf3 Nf6 2. d4 g6 3. Bf4 Bg7 4. Nc3 O-O 5. Qd2 d5 6. Bh6 c6 7.
h4 Bf5 8. Bxg7 Kxg7 9. Ne5 Nbd7 10. f3 h5 11. O-O-O Qc7 12. Nd3 e5 13. dxe5 Nxe5 14. Nxe5 Qxe5 15. Qd4 Rfe8 16. Qxe5 Rxe5 17. Rd4 Rae8 18.
Nd1 c5 19. Rd2 d4 20. g3 Nd5 21. Rh2 Nb4 22. a3 Nc6 23. Nf2 c4 24. Nd1 b5 25.
Rg2 Bh3 26. Rf2 Bxf1 27. Rxf1 Rxe2 28. g4 hxg4 29. fxg4 Rxd2 30. Kxd2 Re4 31. Rg1 Ne5 32. Nf2 Rf4 33. Rg2 Nf3+ 34. Ke2 Nxh4 35. Rg1 Nf3 36. Rg3 Ne5 37. g5 a5 38. a4 b4 39. Nd1 Re4+ 40.
Kd2 c3+ 41. bxc3 dxc3+ 42. Kc1 Nc4 43. Rg1 Re2 44. Kb1 Rd2 0-1

[Event "Late-Titled-Tuesday-Blitz-March-19-2024"]
[Site "Chess.com"]
[Date "2024.03.19"]
[Round "2"]
[White "ViktoriyaTarasova"]
[Black "subham777"]
[Result "1-0"]
[WhiteElo "2323"]
[BlackElo "2521"]
[TimeControl "180+1"]
[EndTime "14:18:33 PDT"]
[Termination "ViktoriyaTarasova won by resignation"]

1. d4 d5 2. c4 e6 3. Nc3 Nf6 4.
cxd5 exd5 5. Bg5 c6 6. Qc2 Bd6 7. e3 O-O 8. Bd3 h6 9. Bh4 a5 10. Nge2 Na6 11. a3 Re8 12. h3 Nc7 13. O-O Ne6 14. f4 Nf8 15. Bf2 Be6 16. Rae1 Rc8 17. Bh4 c5 18. Bb5 Re7 19. Bxf6 gxf6 20. f5 cxd4 21.
Nxd4 Bd7 22. Qe2 Bc6 23. Qh5 Kg7 24. Rf3 Nh7 25. h4 Bb8 26. Nce2 Qd6 27. Nf4 Rg8 28. Rg3+ Kh8 29. Rxg8+ Kxg8 30. Qxh6 Rxe3 31. Rxe3 Qxf4 32. Qxf4 Bxf4 33. Rf3 Bc1 34. Bxc6 Bxb2 35. Bxb7 Bxd4+ 36. Kf1 Be5 37. Bxd5 Nf8 38. Bc6 Kg7 39. a4 Kh6 40. g4 Kg7 41. Ke2 Nh7 42. Kd3 Kf8 43. Kc4 Ke7 44. Kb5 Kd6 45. Be8 Ke7 46. Bc6 Kd6 47. Be4 Nf8 48. Kxa5 Nd7 49. Kb5 Nc5 50. Bc2 Nb7 51.
a5 Kc7 52. a6 Nd6+ 53. Ka5 Bc3+ 54. Rxc3+ 1-0

[Event "Late-Titled-Tuesday-Blitz-March-19-2024"]
[Site "Chess.com"]
[Date "2024.03.19"]
[Round "2"]
[White "Quattroporte300"]
[Black "Mariia89"]
[Result "1-0"]
[WhiteElo "2513"]
[BlackElo "2253"]
[TimeControl "180+1"]
[EndTime "14:18:34 PDT"]
[Termination "Quattroporte300 won on time"]

1. e4 c6 2. d4 d5 3. Nc3 dxe4 4. Nxe4 Nf6 5. Nxf6+ exf6 6. c3 Be7 7. Bd3 Na6 8. Qc2 Nc7 9. Ne2 Be6 10. Bd2 Nd5 11. O-O-O h5 12. Kb1 a5 13. f4 Qd7 14. f5 Bxf5 15.
Bxf5 Qc7 16. c4 Nb4 17. Qe4 Kf8 18. a3 Na6 19. Bf4 Qb6 20. c5 Qb3 21. Qd3 Qd5 22. Be4 Qd7 23. Nc3 g5 24. Bf5 Qd8 25. Bc1 Kg7 26.
h4 g4 27. Rhe1 b6 28. cxb6 Bd6 29. Ne4 Bf8 30. b7 Ra7 31. Nc5 Nc7 32. Qb3 Bd6 33. Nd7 Nd5 34. Nc5 Qc7 35. Be6 Nb6 36.
Bxf7 Qxf7 37. Qxb6 Bxc5 38. Qxc5 Rxb7 39. Ka1 Rhb8 40. Re2 Rb3 41. Re7 Qxe7 42. Qxe7+ Kg6 43. Qe4+ Kf7 44. Qxc6 R8b6 45. Qc4+ Kg6 46. d5 1-0

[Event "Late-Titled-Tuesday-Blitz-March-19-2024"]
[Site "Chess.com"]
[Date "2024.03.19"]
[Round "2"]
[White "Rodalquilar"]
[Black "Baronessa08"]
[Result "0-1"]
[WhiteElo "2774"]
[BlackElo "2590"]
[TimeControl "180+1"]
[EndTime "14:18:35 PDT"]
[Termination "Baronessa08 won on time"]

1. d4 d5 2. Nf3 Nf6 3. Bf4 e6 4. e3 c5 5. Nbd2 Nc6 6. c3 cxd4 7. exd4 Nh5 8. Be3 Bd6 9. Ne5 g6 10. Nd3 O-O 11. g3 e5 12. dxe5 Nxe5 13. Nxe5 Bxe5 14. Nb3 Nf6 15. Bg2 Ng4 16. Bd4 Bxd4 17. Qxd4 Re8+ 18. Kf1 Be6 19. h3 Nh6 20. g4 Rc8 21. Nd2 f5 22.
Qf4 Nf7 23. Rd1 Qa5 24. Kg1 Qxa2 25. gxf5 Bxf5 26. Nf1 Be4 27. Ne3 Bxg2 28. Kxg2 Re4 29. Qf3 Ne5 30. Qf6 Nd7 31. Qd6 Nb6 32. Rhe1 Ree8 33.
Nxd5 Nxd5 34. Rxe8+ Rxe8 35. Qxd5+ Qxd5+ 36. Rxd5 Re7 37. c4 Kf7 38. b4 Ke6 39. Kf3 Rd7 40. Rc5 b6 41. Rc8 Kd6 42. Ke4 Re7+ 43. Kd4 Rf7 0-1

[Event "Late-Titled-Tuesday-Blitz-March-19-2024"]
[Site "Chess.com"]
[Date "2024.03.19"]
[Round "2"]
[White "Romkachess"]
[Black "FredddieCroderg"]
[Result "1-0"]
[WhiteElo "2710"]
[BlackElo "2265"]
[TimeControl "180+1"]
[EndTime "14:18:35 PDT"]
[Termination "Romkachess won on time"]

1. e4 c6 2. Nc3 d5 3. Nf3 Bg4 4. Be2 e6 5. h3 Bh5 6. d4 Nf6 7.
e5 Nfd7 8. g4 Bg6 9. h4 h5 10.
gxh5 Bxh5 11. Ng5 Bxe2 12. Qxe2 Be7 13. Qg4 c5 14. Nxe6 fxe6 15. Qg6+ Kf8 16. Rh3 cxd4 17. Rf3+ Nf6 18. Bg5 Nd7 19. exf6 Bxf6 20. Ne2 Ne5 21. Rxf6+ Qxf6 22. Qxf6+ gxf6 23. Bxf6 Nf3+ 24. Kf1 Rh6 25. Bxd4 Rxh4 26. Bc5+ Kf7 27. Kg2 Nd2 28. Rd1 Rg8+ 29. Ng3 Ne4 30. Bxa7 Nxg3 31. fxg3 Ra4 32. Bd4 Rxa2 33.
Rf1+ Ke8 34. Rh1 Kd7 35. Rh7+ Kc6 36. Be5 Rc8 37. Re7 Kb5 38. Rxb7+ Ka6 39. Re7 Rxc2+ 40.
Kh3 Rc6 41. g4 Kb5 42. g5 Ra8 43. g6 Rg8 44. g7 Rc4 45. Rf7 Re4 46. Rf8 Rxg7 47.
Bxg7 d4 48. Rd8 e5 49. Kg3 Re3+ 50. Kf2 Kb4 51. Rd5 Kb3 52. Bxe5 1-0